 Dungeon Crawl Stone Soup version 0.31-a0-983-g7b6862f502 (webtiles) character file.

Game seed: 15532264057002097606

3828 FakeRyeBread the Basher (level 10, -1/63 HPs)
             Began as a Gargoyle Fighter on Nov 2, 2023.
             Was an Elder of Okawaru.
             Slain by an efreet
             ... wielding a +2 scimitar of flaming
              (10 damage)
             ... on level 9 of the Dungeon.
             The game lasted 00:25:32 (8161 turns).

FakeRyeBread the Basher (Gargoyle Fighter)          Turns: 8161, Time: 00:25:33

Health: -1/63      AC: 22    Str: 25    XL:     10   Next: 17%
Magic:  12/12      EV: 10    Int: 14    God:    Okawaru [****..]
Gold:   309        SH:  5    Dex:  9    Spells: 9/9 levels left

rFire   . . .        a - +1 flail
rCold   . . .        c - +0 buckler
rNeg    + + +        n - +4 ring mail
rPois   ∞            D - +1 helmet of the Merwolf {rN+ Will+ Stlth-}
rElec   +            (no cloak)
rCorr   .            y - +0 pair of gloves
SInv    .            b - +0 pair of boots
Will    +....        (no amulet) Stlth
                     l - +6 ring of intelligence
HPRegen 0.30/turn    z - ring of positive energy
MPRegen 0.13/turn

%: no passive effects
@: mighty
A: sickness immunity, AC +7, negative energy resistance 1, electricity
resistance, torment resistance 1, petrification resistance
a: Renounce Religion, Heroism, Finesse


You were on level 9 of the Dungeon.
You worshipped Okawaru.
Okawaru was greatly pleased with you.
You visited 2 branches of the dungeon, and saw 10 of its levels.
You also visited: Ossuary.

You collected 309 gold pieces.

Inventory:

Hand Weapons
 a - a +1 flail (weapon)
Missiles
 f - 2 boomerangs
 s - 2 silver javelins
Armour
 b - a +0 pair of boots (worn)
 c - a +0 buckler (worn)
 m - a scarf of invisibility
 n - a +4 ring mail (worn)
 y - a +0 pair of gloves (worn)
 D - the +1 helmet of the Merwolf (worn) {rN+ Will+ Stlth-}
   (You found it on level 8 of the Dungeon)

   rN+:       It protects you from negative energy.
   Will+:     It increases your willpower.
   Stlth-:    It makes you less stealthy.
Jewellery
 l - a +6 ring of intelligence (left hand)
 q - a ring of ice
 z - a ring of positive energy (right hand)
Wands
 t - a wand of roots (9)
 C - a wand of mindburst (15) (quivered)
Scrolls
 e - 3 scrolls of teleportation
 h - a scroll of blinking
 p - 3 scrolls of noise
 v - 2 scrolls of fog
 w - a scroll of enchant weapon
 A - 2 scrolls of silence
 B - a scroll of identify
Potions
 d - a potion of might
 g - a potion of magic
 i - 2 potions of attraction
 j - a potion of mutation
 o - 3 potions of degeneration
 u - 2 potions of cancellation
 x - a potion of berserk rage


   Skills:
 + Level 7.6 Fighting
 * Level 9.1 Maces & Flails
 + Level 7.5 Armour
 + Level 7.6 Shields
 + Level 3.3 Invocations


You had 9 spell levels left.
You didn't know any spells.
Your spell library contained the following spells:

 Spells                   Type           Power      Damage    Failure   Level
 Magic Dart               Conj           0%         1d3       43%         1
 Slow                     Hex            0%         N/A       43%         1
 Confusing Touch          Hex            0%         N/A       82%         3
 Mephitic Cloud           Conj/Pois/Air  0%         N/A       82%         3
 Sigil of Binding         Hex            0%         N/A       82%         3
 Vampiric Draining        Necr           0%         2d6       82%         3
 Call Imp                 Summ           Unusable   N/A       N/A         2

Dungeon Overview and Level Annotations

Branches:
Dungeon (9/15)             Temple (1/1) D:4         Ossuary (visited)
   Lair: D:8-11         Orc: D:9-12

Altars:
Ashenzari
Cheibriados
Dithmenos
Elyvilon
Fedhas
Gozag
Kikubaaqudgha
Nemelex Xobeh
Okawaru
Qazlal
Ru
Trog
Uskayaw
Vehumet
Wu Jian
Xom
Yredelemnul
The Shining One

Shops:
D:5 (*:


Innate Abilities, Weirdness & Mutations

You are immune to sickness and miasma.
Your stone body is resilient. (AC +7)
You are immune to poison.
You resist negative energy. (rN+)
You are resistant to electric shocks. (rElec)
You are resistant to unholy torment.
You are immune to petrification.


Message History

The efreet hits you but does no damage.
You climb downwards.
There is a stone staircase leading up here.
You closely miss the bullfrog. The bullfrog hits you.
The efreet hits you with a +2 scimitar of flaming!!
The efreet burns you.
You hit the bullfrog.
The bullfrog is lightly wounded.
The bullfrog closely misses you.
The bullfrog hits you but does no damage.
The efreet gestures at you. The bolt of fire hits you!
You hit the bullfrog.
The bullfrog is moderately wounded.
The bullfrog barely misses you. The efreet hits you but does no damage.
You hit the bullfrog.
The bullfrog is heavily wounded.
The bullfrog closely misses you.
The bullfrog hits you but does no damage.
The efreet hits you with a +2 scimitar of flaming.
The efreet burns you.
You barely miss the bullfrog.
The bullfrog is heavily wounded.
The bullfrog hits you but does no damage.
You sock the bullfrog!
You kill the bullfrog!
Okawaru accepts your kill. The efreet completely misses you.
You hit the efreet.
The efreet is lightly wounded.
The efreet barely misses you.
You hit the efreet.
The efreet is lightly wounded.
The efreet gestures at you.
The fireball explodes!
The fireball engulfs you!!
* * * LOW HITPOINT WARNING * * *
The fireball engulfs the efreet.
The efreet completely resists.
You feel very mighty all of a sudden.
The efreet hits you with a +2 scimitar of flaming!
You die...

######
#....+
#.####
#.##.#
#))R@#
#.##÷#
#.####
#.+
#.#
#.#
###


You could see an efreet.

Vanquished Creatures
  A centaur warrior (D:9)
  2 steam dragons
  An acid dragon (D:6)
  A water moccasin (D:6)
  An orc warrior (D:8)
  3 sky beasts
  A black bear (D:6)
  3 ogres
  A phantom (D:6)
  A centaur (D:9)
  5 bullfrogs
  A scorpion (D:5)
  4 wights (D:8)
  5 howler monkeys
  4 hounds
  9 orc priests
  A gnoll bouda (D:8)
  2 jellies
  Jessica (D:3)
  Natasha (thrice) (D:2)
  11 orc wizards
  2 mummies
  Robin (D:2)
  7 adders
  A white imp (D:5)
  6 ufetubi
  4 dart slugs
  33 orcs
  A spectral bat (Ossuary)
  2 ball pythons
  6 endoplasms
  3 giant cockroaches
  12 gnoll zombies (Ossuary)
  15 goblins
  5 hobgoblins
  7 jackals (D:1)
  3 kobolds
  7 quokkas
  2 bats
  4 bat simulacra (Ossuary)
  A goblin simulacrum (Ossuary)
  3 goblin zombies (Ossuary)
  3 hobgoblin zombies (Ossuary)
  4 kobold simulacra (Ossuary)
  6 kobold zombies (Ossuary)
  8 orc zombies
  7 rats
  3 rat simulacra (Ossuary)
  A spectral goblin (Ossuary)
  6 spectral kobolds (Ossuary)
  5 spectral rats (Ossuary)
229 creatures vanquished.

Vanquished Creatures (others)
  A steam dragon (D:8)
  A howler monkey (D:8)
2 creatures vanquished.

Grand Total: 231 creatures vanquished

Notes
Turn   | Place    | Note
-------+----------+-------------------------------------------
     0 | D:1      | FakeRyeBread the Gargoyle Fighter began the quest for the
                  | Orb.
     0 | D:1      | Reached XP level 1. HP: 14/14 MP: 1/1
    91 | D:1      | Reached XP level 2. HP: 16/19 MP: 2/2
   352 | D:1      | Reached XP level 3. HP: 23/23 MP: 3/3
   776 | D:2      | Found a faded altar of an unknown god.
   810 | D:2      | You fall into a shaft and drop 1 floor!
   824 | D:3      | Reached skill level 3 in Maces & Flails
   824 | D:3      | Reached XP level 4. HP: 16/29 MP: 4/4
  1203 | D:2      | Noticed Natasha
  1212 | D:2      | Killed Natasha
  1385 | D:2      | Noticed Robin
  1415 | D:2      | Reached XP level 5. HP: 26/33 MP: 5/5
  1426 | D:2      | Killed Robin
  1698 | D:2      | Noticed Natasha
  1708 | D:2      | Killed Natasha
  1829 | D:2      | Noticed Natasha
  1840 | D:2      | Killed Natasha
  1990 | D:2      | Reached skill level 4 in Maces & Flails
  2004 | D:2      | Reached XP level 6. HP: 3/39 MP: 6/6
  2294 | D:3      | Noticed Jessica
  2298 | D:3      | Killed Jessica
  2841 | D:3      | Found a shadowy altar of Dithmenos.
  3033 | D:4      | Reached XP level 7. HP: 29/44 MP: 7/7
  3397 | D:4      | Reached skill level 5 in Maces & Flails
  3484 | D:4      | Found a staircase to the Ecumenical Temple.
  3493 | Temple   | Entered the Ecumenical Temple
  3597 | Temple   | Became a worshipper of Warmaster Okawaru
  3796 | D:5      | Entered Level 5 of the Dungeon
  3812 | D:5      | Found Xuaczoplu's General Store.
  3877 | D:5      | Reached skill level 5 in Fighting
  3877 | D:5      | Reached skill level 5 in Armour
  3877 | D:5      | Reached skill level 5 in Shields
  4053 | D:5      | Found Piogeh's Antique Weapon Boutique.
  4423 | D:5      | Found Ifrenuot's Book Boutique.
  4839 | D:6      | Reached XP level 8. HP: 50/50 MP: 8/8
  4887 | D:6      | Reached skill level 6 in Maces & Flails
  4893 | D:6      | Reached * piety under Okawaru
  5060 | D:6      | Found a sand-covered staircase.
  5064 | Ossuary  | Entered an ossuary
  5607 | D:6      | Reached skill level 7 in Maces & Flails
  5696 | D:6      | Reached ** piety under Okawaru
  5697 | D:6      | Reached XP level 9. HP: 16/56 MP: 9/9
  6389 | D:6      | Found a stormy altar of Qazlal.
  6673 | D:7      | Reached skill level 1 in Invocations
  6697 | D:7      | Reached skill level 8 in Maces & Flails
  7599 | D:8      | Identified the +1 helmet of the Merwolf {rN+ Will+ Stlth-}
  7627 | D:8      | Reached *** piety under Okawaru
  7638 | D:8      | Noticed an efreet
  7677 | D:8      | Noticed a centaur warrior
  8048 | D:9      | Killed a centaur warrior
  8048 | D:9      | Reached **** piety under Okawaru
  8049 | D:9      | Reached skill level 9 in Maces & Flails
  8049 | D:9      | Reached XP level 10. HP: 35/63 MP: 12/12
  8161 | D:9      | Slain by an efreet

Illustrated notes

Levels and vault maps discovered:
D:1:      saegor_arrival_simple_c, layout_loops_ring, minmay_bisected
D:2:      layout_basic, dreamdust_ecumenical_altar_grove, uniq_robin,
          uniq_natasha
D:3:      layout_rooms, general_overflow_altar, serial_forest,
          infiniplex_forest_corner_1, infiniplex_forest_fountain,
          infiniplex_forest_lined_room_, infiniplex_forest_lined_corner,
          infiniplex_forest_clump_diagonal, infiniplex_forest_lined_ring,
          uniq_jessica
D:4:      layout_loops_cross, minmay_temple_entry_junction,
          dreamdust_princess_corridor, guppyfry_early_orc_mine
D:5:      layout_loops_ring, serial_shops, shop, shop, shop
D:6:      layout_loops_ring, mainiacjoe_overflow_alcove_2,
          nicolae_ossuary_entry_giza
D:7:      layout_cave_pools, chequers_arboretum
D:8:      minmay_ornate_pinched, layout_loops_corners,
          chequers_serial_rivers_micro_a, roderic_batcave, minmay_nine_imps,
          uniq_jeremiah
D:9:      layout_stronghold
Temple:   nicolae_temple_slightly_damp_pantheon

Skill      XL: |  1  2  3  4  5  6  7  8  9 |
---------------+----------------------------+-----
Maces & Flails | 3 4 5 7 9 |  9.1
Shields        | 4 5 6 7 |  7.6
Fighting       | 4 5 6 7 |  7.6
Armour         | 4 5 6 7 |  7.5
Invocations    | 3 |  3.3

Action                     |  1- 3 |  4- 6 |  7- 9 | 10-12 || total
---------------------------+-------+-------+-------+-------++-------
  Melee: Flail             |    82 |   232 |   627 |    10 ||   951
 Invoke: Heroism           |       |       |     1 |       ||     1
  Evoke: Wand              |       |       |     1 |       ||     1
    Use: Potion            |       |     2 |     7 |     1 ||    10
         Scroll            |       |    10 |    10 |       ||    20
 Armour: Scale mail        |    48 |     5 |       |       ||    53
         Ring mail         |       |   187 |   555 |    14 ||   756
  Dodge: Dodged            |    44 |   105 |   324 |     9 ||   482
  Block: Buckler           |    17 |    52 |   146 |     1 ||   216

Table legend: (Time is in decaauts)
 A = Elapsed time spent in this place.
 B = Non-inter-level travel time spent in this place.
 C = Inter-level travel time spent in this place.
 D = Time resting spent in this place.
 E = Time spent auto-exploring this place.
 F = Levels seen in this place.
 G = Mean time per level.
                   A        B        C        D        E       F      G
               +--------+--------+--------+--------+--------+-----+--------+
         Total |   8299 |   7215 |   1084 |   1548 |   3342 |  11 |  754.5 |
       Dungeon |   7675 |   6707 |    968 |   1548 |   3342 |   9 |  852.8 |
        Temple |    118 |      2 |    116 |      0 |      0 |   1 |  118.0 |
       Ossuary |    505 |    505 |      0 |      0 |      0 |   1 |  505.0 |
               +--------+--------+--------+--------+--------+-----+--------+

Top non-repeatable levels by time:
     D:2: 1459 daAuts
     D:6: 1383 daAuts
     D:5: 1047 daAuts
     D:4: 801 daAuts
     D:1: 797 daAuts
     D:3: 714 daAuts
     D:7: 573 daAuts
 Ossuary: 505 daAuts
     D:9: 455 daAuts
     D:8: 442 daAuts
  Temple: 118 daAuts
